 Dungeon Crawl Stone Soup version 0.32-a0-818-gb728d0252e (webtiles) character file.

Game seed: 15833143563390942784

31258 Ajdolov the Fruitful (level 13, -1/91 HPs)
             Began as a Mummy Hunter on Mar 24, 2024.
             Was a Priest of Fedhas.
             Slain by a boulder beetle (31 damage)
             ... on level 4 of the Lair of Beasts.
             The game lasted 00:46:30 (14005 turns).

Ajdolov the Fruitful (Mummy Hunter)                Turns: 14005, Time: 00:46:31

Health: -1/91      AC:  9    Str: 15    XL:     13   Next: 25%
Magic:  24/24      EV: 16    Int:  8    God:    Fedhas [***...]
Gold:   727        SH:  0    Dex: 20    Spells: 12/12 levels left

rFire   x . .        m - +2 orcbow (elec)
rCold   + . .        (shield currently unavailable)
rNeg    + + +        x - +0 steam dragon scales
rPois   ∞            d - +0 helmet
rElec   .            f - +0 cloak
rCorr   .            k - +0 pair of gloves
SInv    .            D - +0 pair of boots
Will    +....        p - amulet of regeneration
Stlth   ++           z - +5 ring of evasion
HPRegen 1.15/turn    (no ring)
MPRegen 0.19/turn

%: faith
@: no status effects
A: cold resistance 1, negative energy resistance 3, torment resistance 2, heat
vulnerability 1, in touch with death 2, no potions, faith
a: Renounce Religion, Wall of Briars, Grow Ballistomycete


You were on level 4 of the Lair of Beasts.
You worshipped Fedhas.
Fedhas was most pleased with you.
You visited 3 branches of the dungeon, and saw 17 of its levels.

You collected 876 gold pieces.
You spent 149 gold pieces at shops.

Inventory:

Hand Weapons
 m - a +2 orcbow of electrocution (weapon)
Armour
 d - a +0 helmet (worn)
 f - a +0 cloak (worn)
 k - a +0 pair of gloves (worn)
 x - +0 steam dragon scales (worn)
 C - the +3 hat of Pondering {ponderous, Will+ MP+10 Int+5}
   (You took it off Gastronok on level 1 of the Lair of Beasts)

   Int+5:     It affects your intelligence (+5).
   Will+:     It increases your willpower.
   MP+10:     It affects your magic capacity (+10).
 D - a +0 pair of boots (worn)
Jewellery
 p - an amulet of regeneration (around neck)
 z - a +5 ring of evasion (left hand)
Wands
 i - a wand of polymorph (7)
 q - a wand of warping (11)
 r - a wand of paralysis (17)
 s - a wand of digging (5)
 u - a wand of flame (26)
 y - a wand of mindburst (11)
Scrolls
 a - 6 scrolls of immolation
 b - 4 scrolls of butterflies
 c - 3 scrolls of revelation
 e - 4 scrolls of teleportation
 g - 3 scrolls of poison
 h - a scroll of blinking
 j - a scroll of torment
 l - 3 scrolls of amnesia
 n - a scroll of vulnerability
 o - 4 scrolls of enchant weapon
 t - 2 scrolls of fog
 v - a scroll of enchant armour
 w - a scroll of noise
 A - a scroll of fear
 B - 4 scrolls of identify


   Skills:
 - Level 5.0 Fighting
 + Level 13.2 Ranged Weapons
 - Level 1.5 Dodging
 - Level 0.7 Stealth
 - Level 15.0 Invocations


You had 12 spell levels left.
You didn't know any spells.
Your spell library contained the following spells:

 Spells                   Type           Power      Damage    Failure   Level
 Kiss of Death            Conj/Necr      0%         2d5       41%         1
 Cigotuvi's Dreadful Rot  Necr/Alch/Air  0%         N/A       54%         2
 Call Canine Familiar     Summ           0%         N/A       78%         3
 Confusing Touch          Hex            0%         N/A       78%         3
 Gell's Gravitas          Tloc           0%         N/A       78%         3
 Sigil of Binding         Hex            0%         N/A       78%         3
 Teleport Other           Tloc           0%         N/A       78%         3
 Dimensional Bullseye     Hex/Tloc       0%         N/A       99%         4
 Dispel Undead            Necr           0%         3d6       99%         4
 Ignite Poison            Fire/Alch      0%         N/A       99%         4
 Freezing Cloud           Conj/Ice/Air   0%         6-21      100%        5
 Death Channel            Necr           0%         N/A       100%        6
 Dispersal                Tloc           0%         N/A       100%        6
 Sculpt Simulacrum        Ice/Alch       0%         N/A       100%        6
 Ozocubu's Refrigeration  Ice            0%         4d7       100%        7
 Polar Vortex             Ice            0%         N/A       100%        9


Dungeon Overview and Level Annotations

Branches:
Dungeon (12/15)            Temple (1/1) D:4            Lair (4/5) D:11
  Swamp (0/4) Lair:3       Spider (0/4) Lair:2          Orc (0/2) D:9
  Slime: Lair:4-5

Altars:
Ashenzari
Cheibriados
Dithmenos
Fedhas
Gozag
Hepliaklqana
Kikubaaqudgha
Makhleb
Nemelex Xobeh
Okawaru
Qazlal
Ru
Sif Muna
Trog
Uskayaw
Vehumet
Wu Jian
Xom
Yredelemnul

Shops:
D:1 (   D:2 :


Innate Abilities, Weirdness & Mutations

You are immune to poison.
Your flesh is cold resistant. (rC+)
You are immune to negative energy. (rN+++)
You are immune to unholy pain and torment.
You are vulnerable to heat. (rF-)
You are strongly in touch with the powers of death.
You do not drink.
You have a special connection with the divine. (Faith)


Message History

The boulder beetle hits your briar patch!
The boulder beetle stops rolling and uncurls.
The boulder beetle leaps!
You walk carefully through the plants.
The boulder beetle leaps!
No target in view!
You start waiting.
Your briar patch disappears in a puff of smoke! x5
A boulder beetle is nearby!
You shoot an arrow. Fedhas protects your plant from harm.
The arrow hits the boulder beetle but does no damage.
Lightning courses through the boulder beetle!
The boulder beetle is lightly wounded.
You shoot an arrow. Fedhas protects your plant from harm.
The arrow hits the boulder beetle.
The boulder beetle is lightly wounded.
The boulder beetle curls into a ball and begins rolling!
You shoot an arrow. Fedhas protects your plant from harm.
The arrow hits the boulder beetle.
The boulder beetle is lightly wounded.
Aiming: Paralyse
Press: ? - help, Shift-Dir - straight line, f/p - boulder beetle
Aim: a boulder beetle (lightly wounded, rolling, ally target, chance to affect: 31%)
Okay, then.
The boulder beetle hits you!!!
The boulder beetle stops rolling and uncurls.
The boulder beetle leaps!
The boulder beetle attacks as it pursues you!
The boulder beetle bites you.
The boulder beetle curls into a ball and begins rolling!
The boulder beetle hits you!!
* * * LOW HITPOINT WARNING * * *
The boulder beetle stops rolling and uncurls.
The boulder beetle curls into a ball and begins rolling!
The boulder beetle hits you!!
You die...
Fedhas appreciates your contribution to the ecosystem.

#................#
#####..>..... .......
##..........# #......
#..........### #.....#
#.........P.# ##....#
#..........###.....###
#..........##.....#.##
#.#........P#..P..#..#
# ##...<@B..P....P...#
##.....○°°...P.#.##
#.#............###
##............P#
##..##........#
.....###......#.#
.....## #..........
...#P# #............
##### ##............


You could see a boulder beetle (rolling, ally target).

Vanquished Creatures
  Gastronok (Lair:1)
  A dire elephant (Lair:2)
  4 two-headed ogres
  A lindwurm (Lair:2)
  15 elephants
  A black mamba (Lair:2)
  A centaur zombie (D:11)
  5 cane toads
  6 komodo dragons
  A rime drake (Lair:2)
  A polar bear (Lair:3)
  2 trolls
  Grinder (D:4)
  15 blink frogs (Lair:1)
  A meliai zombie (D:11)
  A spriggan (Lair:2)
  A vampire (D:11)
  5 wraiths (D:11)
  3 shadows (D:11)
  2 wyverns
  2 redbacks (Lair:2)
  2 basilisks
  20 yaks
  2 steam dragons
  Duvessa (D:4)
  20 water moccasins
  2 orc warriors
  A sky beast (D:7)
  2 black bears (D:4)
  5 wolves
  4 centaurs
  A phantom (D:5)
  2 kobold brigands
  10 bullfrogs
  2 scorpions
  A wight (D:9)
  Dowan (D:4)
  5 killer bees
  6 howler monkeys
  An electric eel (D:9)
  A bombardier beetle (D:6)
  A jelly (D:7)
  2 hounds
  9 orc priests
  An iguana (D:6)
  9 orc wizards
  A boggart zombie (D:11)
  A howler monkey zombie (D:11)
  8 adders
  4 dart slugs
  2 ribbon worms
  37 orcs
  5 ball pythons
  5 endoplasms
  4 giant cockroaches
  10 goblins
  7 hobgoblins
  4 jackals (D:3)
  2 quokkas
  10 bats
  8 frilled lizards
  12 kobolds
  6 rats
307 creatures vanquished.

Vanquished Creatures (collateral kills)
  A polar bear (Lair:2)
  A blink frog (Lair:1)
  A vampire (D:11)
  A shadow (D:10)
  9 yaks
  2 wolves (Lair:3)
  An orc warrior (D:8)
  2 bullfrogs
  7 killer bees
  An orc priest (D:8)
  46 ballistomycete spores
72 creatures vanquished.

Vanquished Creatures (others)
  2 ballistomycete spores
2 creatures vanquished.

Grand Total: 381 creatures vanquished

Notes
Turn   | Place    | Note
-------+----------+-------------------------------------------
     0 | D:1      | Ajdolov the Mummy Hunter began the quest for the Orb.
     0 | D:1      | Reached XP level 1. HP: 16/16 MP: 1/1
   159 | D:1      | Reached XP level 2. HP: 23/23 MP: 2/2
   193 | D:1      | Found Sicwiub's Antique Weapon Shoppe.
   679 | D:2      | Reached XP level 3. HP: 30/30 MP: 3/3
   989 | D:2      | Found Inke's Book Boutique.
  1105 | D:2      | Reached XP level 4. HP: 38/38 MP: 4/4
  1542 | D:3      | Reached skill level 5 in Fighting
  1542 | D:3      | Reached XP level 5. HP: 23/44 MP: 5/5
  2271 | D:1      | Bought a runed orcbow for 149 gold pieces
  2821 | D:4      | Found a staircase to the Ecumenical Temple.
  2826 | Temple   | Entered the Ecumenical Temple
  2850 | Temple   | Became a worshipper of Fedhas Madash
  3168 | D:4      | Reached skill level 1 in Invocations
  3168 | D:4      | Reached XP level 6. HP: 51/51 MP: 6/6
  3309 | D:4      | Noticed Duvessa
  3417 | D:4      | Noticed Grinder
  3421 | D:4      | Paralysed by Grinder for 2 turns
  3425 | D:4      | Killed Grinder
  3426 | D:4      | Reached skill level 5 in Ranged Weapons
  3426 | D:4      | Reached skill level 2 in Invocations
  3469 | D:4      | Reached skill level 3 in Invocations
  3469 | D:4      | Reached XP level 7. HP: 56/56 MP: 9/9
  3563 | D:4      | Found a hide-covered altar of Uskayaw.
  3583 | D:5      | Entered Level 5 of the Dungeon
  3620 | D:5      | Found a shimmering blue altar of Sif Muna.
  4207 | D:6      | Reached skill level 4 in Invocations
  4376 | D:6      | Reached * piety under Fedhas
  4377 | D:6      | Reached XP level 8. HP: 51/62 MP: 11/11
  4542 | D:7      | Reached skill level 5 in Invocations
  4672 | D:7      | Noticed a two-headed ogre
  4680 | D:7      | Killed a two-headed ogre
  4681 | D:7      | Reached skill level 6 in Invocations
  4766 | D:7      | Reached XP level 9. HP: 68/68 MP: 13/13
  4968 | D:7      | Reached skill level 7 in Invocations
  4998 | D:7      | Reached ** piety under Fedhas
  5263 | D:7      | Found a basalt altar of Yredelemnul.
  5263 | D:7      | Found an iron altar of Okawaru.
  5322 | D:8      | Noticed a kobold demonologist
  5601 | D:8      | Noticed a kobold demonologist
  5611 | D:8      | Noticed a sixfirhy
  5614 | D:8      | Noticed a red devil
  6179 | D:8      | Noticed a sun demon
  6371 | D:9      | Noticed a troll
  6382 | D:9      | Killed a troll
  6383 | D:9      | Reached skill level 8 in Invocations
  6914 | D:9      | Reached XP level 10. HP: 74/74 MP: 13/16
  6961 | D:9      | Reached skill level 9 in Invocations
  6995 | D:9      | Found a staircase to the Orcish Mines.
  7444 | D:10     | Entered Level 10 of the Dungeon
  7563 | D:10     | Reached skill level 10 in Ranged Weapons
  7667 | D:10     | Reached skill level 10 in Invocations
  7683 | D:10     | Reached *** piety under Fedhas
  7716 | D:10     | Identified the +0 plate armour of Upsoj {Fly Str+2 Dex+2}
  7753 | D:10     | Identified the +5 chain mail of the Trees {rC+}
  8229 | D:11     | Noticed a two-headed ogre
  8247 | D:11     | Killed a two-headed ogre
  8248 | D:11     | Reached skill level 11 in Invocations
  8248 | D:11     | Reached XP level 11. HP: 79/79 MP: 16/19
  8403 | D:11     | Noticed a two-headed ogre
  8406 | D:11     | Noticed a two-headed ogre
  8571 | D:11     | Found a staircase to the Lair.
  8571 | D:11     | Identified the +4 ring mail "Umecoa" {Rampage rCorr Int+5
                  | Dex-2 Stlth-}
  8783 | D:11     | Reached skill level 12 in Invocations
  8850 | D:11     | Found an iron altar of Okawaru.
  9003 | D:11     | Killed a two-headed ogre
  9013 | D:11     | Killed a two-headed ogre
  9128 | Lair:1   | Entered Level 1 of the Lair of Beasts
  9138 | Lair:1   | Reached skill level 13 in Invocations
  9427 | Lair:1   | Reached XP level 12. HP: 30/86 MP: 18/22
  9569 | Lair:1   | You fall into a shaft and drop 1 floor!
  9881 | Lair:1   | Reached skill level 14 in Invocations
  9892 | Lair:1   | Noticed Gastronok
  9903 | Lair:1   | Killed Gastronok
 10636 | Lair:2   | Found a hole to the Spider Nest.
 11771 | D:4      | Noticed Dowan
 11782 | D:4      | Killed Duvessa
 11784 | D:4      | Killed Dowan
 11785 | D:4      | Reached skill level 15 in Invocations
 12717 | Lair:2   | Gained mutation: You are strongly in touch with the powers
                  | of death. [Mummy growth]
 12717 | Lair:2   | Reached XP level 13. HP: 64/91 MP: 20/24
 12743 | Lair:2   | Noticed a dire elephant
 12755 | Lair:2   | Killed a dire elephant
 12763 | Lair:2   | Identified the +11 long sword of Eternity {pain, ^Fragile
                  | rPois rCorr}
 12954 | Lair:3   | Found a staircase to the Swamp.
 14005 | Lair:4   | Slain by a boulder beetle

Illustrated notes

Levels and vault maps discovered:
D:1:      saegor_arrival_simple_b, layout_loops_ring, serial_shops, shop
D:2:      layout_rooms, serial_shops, shop
D:3:      layout_basic, serial_rivers, chequers_serial_rivers_small_b,
          chequers_serial_rivers_small_b, chequers_serial_rivers_room_b,
          chequers_serial_rivers_micro_b, chequers_serial_rivers_marsh,
          chequers_serial_rivers_micro_e
D:4:      layout_layer_cave, lemuel_tele_altar, temple_doors_ab, uniq_duvessa,
          uniq_grinder
D:5:      layout_cave_pools, mainiacjoe_overflow_brackets, minivault_24
D:6:      layout_rooms
D:7:      layout_basic, gammafunk_temple_overflow_wave
D:8:      layout_loops_ring, chequers_arboretum
D:9:      layout_stronghold, orc_0_dummy, kennysheep_dice
D:10:     layout_small_grid
D:11:     layout_roguey, due_lair_maze_entry_diamond, serial_undead,
          serial_undead_a, serial_undead_b, serial_undead_b, serial_undead_c,
          serial_undead_d, okawaru_metal_pillars_1_2
D:12:     minmay_the_grid_triangle_9x9_rhombus_full
          [minmay_the_grid_triangle_9x9_pentomino_pain,
          minmay_the_grid_triangle_9x9_empty,
          minmay_the_grid_triangle_9x9_longest,
          minmay_the_grid_triangle_9x9_windchime,
          minmay_the_grid_triangle_9x9_descending_squares,
          minmay_the_grid_triangle_9x9_sprig,
          minmay_the_grid_triangle_9x9_minimal,
          minmay_the_grid_triangle_9x9_prize_special], layout_gridville,
          serial_glass, glass_columns_a, glass_columns_b, hangedman_glass_teeth,
          uniq_josephine
Temple:   eino_narrow_crystal_temple
Lair:1:   layout_regular_city, st_stairs_9, uniq_gastronok
Lair:2:   mu_elephants_graveyard, layout_cave_pods, spider_nest_entry_rubble
Lair:3:   layout_cave_pods, swamp_mist, lemuel_fruit_tree, grunt_megastairs_3
Lair:4:   layout_hall_layers

Skill      XL: |  1  2  3  4  5  6  7  8  9 10 11 12 13 |
---------------+----------------------------------------+-----
Fighting       | 3 4 5 |  5.0
Ranged Weapons | 4 5 6 7 9 10 12 13 | 13.2
Invocations    | 1 3 4 6 8 11 13 15 | 15.0
Dodging        | |  1.5
Stealth        | |  0.7

Action                     |  1- 3 |  4- 6 |  7- 9 | 10-12 | 13-15 || total
---------------------------+-------+-------+-------+-------+-------++-------
   Fire: Shortbow          |   113 |    98 |       |       |       ||   211
         Orcbow            |       |    64 |   247 |   644 |    99 ||  1054
 Invoke: Wall of Briars    |       |       |     5 |    21 |     5 ||    31
         Grow Ballistomyce |       |       |       |    10 |       ||    10
  Evoke: Wand              |       |       |     5 |     1 |       ||     6
    Use: Scroll            |       |     6 |     2 |     7 |       ||    15
 Armour: Leather armour    |    29 |    20 |       |       |       ||    49
         Robe              |       |    29 |    41 |    26 |       ||    96
         Steam dragon scal |       |       |       |   176 |    73 ||   249
  Dodge: Dodged            |    39 |    33 |    39 |   179 |    81 ||   371

Table legend: (Time is in decaauts)
 A = Elapsed time spent in this place.
 B = Non-inter-level travel time spent in this place.
 C = Inter-level travel time spent in this place.
 D = Time resting spent in this place.
 E = Time spent auto-exploring this place.
 F = Levels seen in this place.
 G = Mean time per level.
                   A        B        C        D        E       F      G
               +--------+--------+--------+--------+--------+-----+--------+
         Total |  14172 |  12982 |   1190 |    740 |   7988 |  17 |  833.6 |
       Dungeon |  10321 |   9336 |    985 |    432 |   5922 |  12 |  860.1 |
        Temple |     30 |     30 |      0 |      0 |      0 |   1 |   30.0 |
          Lair |   3819 |   3614 |    205 |    307 |   2066 |   4 |  954.8 |
               +--------+--------+--------+--------+--------+-----+--------+

Top non-repeatable levels by time:
     D:4: 1748 daAuts
  Lair:2: 1472 daAuts
     D:9: 1358 daAuts
     D:3: 1289 daAuts
  Lair:1: 1221 daAuts
    D:11: 1030 daAuts
  Lair:3: 987 daAuts
     D:7: 979 daAuts
     D:1: 815 daAuts
     D:8: 772 daAuts
    D:10: 711 daAuts
     D:6: 554 daAuts
     D:5: 538 daAuts
     D:2: 502 daAuts
  Lair:4: 138 daAuts
